 Dungeon Crawl Stone Soup version 0.25-a0-927-g39f137c8b7 (webtiles) character file.

Game seed: 16394268353690315386, levelgen mode: deterministic

2429 Maedhros the Martial Artist (level 9, 0/58 HPs)
             Began as an Octopode Artificer on May 3, 2020.
             Was a Priest of Cheibriados.
             Slain by an orc warrior
             ... wielding a +0 halberd
              (21 damage)
             ... on level 6 of the Dungeon.
             The game lasted 00:11:57 (4105 turns).

Maedhros the Martial Artist (Octopode Artificer)    Turns: 4105, Time: 00:11:59

Health: 0/58       AC:  1    Str: 19    XL:     9   Next: 48%
Magic:  20/20      EV: 17    Int: 23    God:    Cheibriados [***...]
Gold:   233        SH: 11    Dex: 22    Spells: 8/8 levels left

rFire    . . .     SeeInvis .   y - +10 dagger of Danuvozxyph {vorpal, Int+3}
rCold    . . .     Gourm    .   q - +0 kite shield
rNeg     . . .     Faith    .   (helmet restricted)
rPois    .         Spirit   .   (no amulet)
rElec    .         Reflect  .   p - ring of magical power
rCorr    .         Harm     .   C - +2 ring of evasion
MR       .....                  (no ring)
Stlth    ++++......             (no ring)
HPRegen  0.19/turn              (no ring)
MPRegen  0.17/turn              (no ring)
                                (no ring)
                                (no ring)

@: very slow
A: almost no armour, stealthy swim, amphibious, 8 rings, constrict 8, camouflage
1, blink, robust 1, wild magic 1, gelatinous body 1
a: Blink, Bend Time, Temporal Distortion, Renounce Religion


You were on level 6 of the Dungeon.
You worshipped Cheibriados.
Cheibriados was most pleased with you.
You were hungry.

You visited 2 branches of the dungeon, and saw 8 of its levels.

You collected 233 gold pieces.

Inventory:

Hand Weapons
 y - the +10 dagger of Danuvozxyph (weapon) {vorpal, Int+3}
   (You found it on level 5 of the Dungeon)

   It inflicts extra damage upon your enemies.
   It affects your intelligence (+3).
 z - a +1 vorpal arbalest
Missiles
 A - 12 poisoned darts (quivered)
Armour
 q - a +0 kite shield (worn)
Jewellery
 p - a ring of magical power (left tentacle)
 C - a +2 ring of evasion (right tentacle)
Wands
 b - a wand of flame (9)
 c - a wand of enslavement (6)
 k - a wand of acid (7)
 x - a wand of polymorph (8)
Scrolls
 a - 5 scrolls of teleportation
 d - a scroll of amnesia {unknown}
 e - a scroll of fog {unknown}
 g - a scroll of random uselessness {unknown}
 h - 4 scrolls of immolation
 i - 5 scrolls of remove curse
 j - a scroll of noise {unknown}
 r - a scroll of enchant armour {unknown}
 t - a scroll of magic mapping {unknown}
 u - a scroll of fear {unknown}
 D - a scroll of identify
Potions
 l - 2 potions of flight
 m - a potion of stabbing {unknown}
 n - 3 potions of mutation
 o - a potion of invisibility {unknown}
 s - a potion of might {unknown}
 v - a potion of brilliance {unknown}
 w - 2 potions of heal wounds {unknown}
 B - a potion of cancellation {unknown}
Comestibles
 f - 16 rations


   Skills:
 - Level 1.0 Fighting
 - Level 1.0 Short Blades
 + Level 4.5 Dodging
 - Level 4.0 Stealth
 * Level 5.7 Shields
 + Level 9.7 Unarmed Combat
 - Level 3.2 Evocations


You had 8 spell levels left.
You didn't know any spells.
Your spell library was empty.

Dungeon Overview and Level Annotations

Branches:
Dungeon (7/15)             Temple (1/1) D:5

Altars:
Ashenzari
Cheibriados
Dithmenos
Fedhas
Gozag
Hepliaklqana
Kikubaaqudgha
Makhleb
Nemelex Xobeh
Okawaru
Qazlal
Ru
Sif Muna
Trog
Uskayaw
Vehumet
Xom
Yredelemnul
Zin
The Shining One


Innate Abilities, Weirdness & Mutations

You cannot wear most types of armour.
You are very stealthy in the water. (Stealth+)
You are amphibious.
You can wear up to eight rings at the same time.
You can use your tentacles to constrict eight enemies at once.
Your skin changes colour to match your surroundings (Stealth+).
Your rubbery body absorbs attacks. (AC +1, EV +1)
You can translocate small distances at will.
You are robust. (+10% HP)
Your spells are a little harder to cast, but a little more powerful.


Message History

You block the orc warrior's attack.
The orc warrior hits you with a +0 halberd!
You see here a jackal corpse.
You barely miss the orc warrior. You grab the orc warrior.
You squeeze the orc warrior, but do no damage.
You constrict the orc warrior.
The orc warrior hits you with a +0 halberd!!
You are too injured to fight recklessly!
You are too injured to fight recklessly!
You hit the orc warrior but do no damage.
You squeeze the orc warrior, but do no damage.
The orc warrior is lightly wounded.
You constrict the orc warrior. You hit the orc warrior.
You tentacle-slap the orc warrior, but do no damage.
You squeeze the orc warrior!
The orc warrior is severely wounded.
You constrict the orc warrior, but do no damage.
The orc warrior hits you with a +0 halberd!!
You die...

................................+
....######.###.####.#.####......#
..#........# #........<# ##.....#
#.#########################..#+##
...[............................+
#.##########################...##
#.#.#################### ##..##
...<#8........'......... ###..##
....#.........#.@....... #......
....#.........#o........ #).....
#####........8#......... #......
########'##############+ #......
>...#....# #####.# ....#....# #.#
....#....# #.. ....'....# ##.
########## #.


You could see an orc warrior.

Vanquished Creatures
  Pikel (D:4)
  Prince Ribbit (D:7)
  An orc warrior (D:7)
  2 ogres
  A phantom (D:2)
  A necrophage (D:7)
  Blork the orc (D:4)
  A bullfrog (D:6)
  4 scorpions
  4 wights (D:7)
  A howler monkey (D:6)
  A centaur zombie (D:5)
  A crimson imp (D:4)
  A bullfrog zombie (D:5)
  A quasit (D:6)
  2 orc priests
  A hound (D:7)
  2 jellies
  7 orc wizards
  Ijyb (D:4)
  Jessica (D:3)
  An iguana (D:5)
  A worker ant (D:4)
  A hound skeleton (D:6)
  A howler monkey skeleton (D:5)
  A worker ant zombie (D:5)
  2 gnolls (D:3)
  6 adders
  A shadow imp (D:5)
  A white imp (D:4)
  An adder zombie (D:7)
  2 worms
  2 dart slugs
  2 leopard geckos
  17 orcs
  8 bats
  3 giant cockroaches
  11 hobgoblins
  11 jackals
  7 kobolds
  A quokka (D:6)
  4 frilled lizards
  6 goblins
  A leopard gecko skeleton (D:5)
  5 rats
132 creatures vanquished.

Vanquished Creatures (collateral kills)
  A gnoll (D:3)
  3 orcs (D:4)
  2 goblins (D:3)
  A kobold (D:3)
7 creatures vanquished.

Vanquished Creatures (others)
  2 slaves (D:4)
  A scorpion (D:4)
  A dart slug (D:3)
4 creatures vanquished.

Grand Total: 143 creatures vanquished

Notes
Turn   | Place    | Note
-------+----------+-------------------------------------------
     0 | D:1      | Maedhros the Octopode Artificer began the quest for the
                  | Orb.
     0 | D:1      | Reached XP level 1. HP: 13/13 MP: 3/3
    86 | D:2      | Noticed a phantom
   112 | D:2      | Killed a phantom
   112 | D:2      | Reached skill level 3 in Unarmed Combat
   112 | D:2      | Reached XP level 2. HP: 17/18 MP: 4/4
   112 | D:2      | Reached XP level 3. HP: 22/23 MP: 5/5
   112 | D:2      | Reached XP level 4. HP: 26/28 MP: 6/6
   369 | D:3      | Reached XP level 5. HP: 16/33 MP: 7/7
   455 | D:3      | Found a shimmering altar of Xom.
   455 | D:3      | Found a shimmering altar of Xom.
   457 | D:3      | Found a shimmering altar of Xom.
   472 | D:3      | Reached skill level 4 in Unarmed Combat
   509 | D:4      | Noticed Ijyb
   518 | D:4      | Killed Ijyb
   836 | D:4      | Reached XP level 6. HP: 30/38 MP: 8/8
   840 | D:4      | Reached skill level 5 in Unarmed Combat
   900 | D:4      | Noticed Pikel
   900 | D:4      | Noticed a slave
   900 | D:4      | Noticed a slave
   901 | D:4      | Noticed a slave
   915 | D:4      | Noticed a slave
   918 | D:4      | Killed Pikel
   918 | D:4      | Reached skill level 7 in Unarmed Combat
   918 | D:4      | Reached XP level 7. HP: 38/43 MP: 9/9
  1080 | D:4      | Reached skill level 8 in Unarmed Combat
  1114 | D:4      | Reached XP level 8. HP: 48/48 MP: 10/10
  1190 | D:4      | Noticed Blork the orc
  1201 | D:4      | Killed Blork the orc
  1317 | D:5      | Entered Level 5 of the Dungeon
  1454 | D:5      | Found a staircase to the Ecumenical Temple.
  1462 | Temple   | Entered the Ecumenical Temple
  1530 | Temple   | Became a worshipper of Cheibriados the Contemplative
  2198 | D:1      | Reached * piety under Cheibriados
  2696 | D:3      | Reached skill level 1 in Shields
  2703 | D:3      | Gained mutation: You are robust. (+10% HP) [potion of
                  | mutation]
  2703 | D:3      | Gained mutation: You can translocate small distances at
                  | will. [potion of mutation]
  2703 | D:3      | Gained mutation: Your spells are a little harder to cast,
                  | but a little more powerful. [potion of mutation]
  2730 | D:3      | Noticed Jessica
  2735 | D:3      | Killed Jessica
  2989 | D:5      | Reached skill level 9 in Unarmed Combat
  3280 | D:5      | Got a shimmering dagger
  3281 | D:5      | Identified the +10 dagger of Danuvozxyph {vorpal, Int+3}
                  | (You found it on level 5 of the Dungeon)
  3316 | D:5      | Reached ** piety under Cheibriados
  3649 | D:6      | Reached XP level 9. HP: 49/58 MP: 11/11
  3694 | D:6      | Found an ancient bone altar of Kikubaaqudgha.
  3695 | D:6      | Found a hazy altar of Hepliaklqana.
  3701 | D:6      | Found a shimmering altar of Xom.
  3705 | D:6      | Found a blossoming altar of Fedhas.
  3705 | D:6      | Found a burning altar of Makhleb.
  3705 | D:6      | Found a basalt altar of Yredelemnul.
  3705 | D:6      | Found a glowing silver altar of Zin.
  3706 | D:6      | Found a shattered altar of Ashenzari.
  3708 | D:6      | Found a radiant altar of Vehumet.
  3709 | D:6      | Found a glowing golden altar of the Shining One.
  3710 | D:6      | Found a hide-covered altar of Uskayaw.
  3982 | D:7      | Noticed Prince Ribbit
  3986 | D:7      | Reached skill level 5 in Shields
  3990 | D:7      | Killed Prince Ribbit
  4063 | D:7      | Reached *** piety under Cheibriados
  4105 | D:6      | Slain by an orc warrior

Levels and vault maps discovered:
D:1:      dpeg_arrival_rhombi, layout_loops_corners
D:2:      wander_river, layout_basic
D:3:      layout_basic, first_ration, xom_redecorated, uniq_jessica
D:4:      cheibrodos_old_hovel, layout_cave_pods, portal_sewer_entry_d,
          serial_column_ruins, column_ruins_grid_3,
          column_ruins_columns_dead_end, column_ruins_grid_3,
          column_ruins_grid_3, column_ruins_open_small, grunt_ministairs_7,
          minmay_fire_ice_demons, uniq_pikel, uniq_blork_the_orc, uniq_ijyb,
          uniq_eustachio
D:5:      minmay_clustersquares, layout_basic,
          minmay_temple_entry_statues_fountains
D:6:      minmay_klotski, layout_basic, minitemple
D:7:      layout_basic, kennysheep_mini, serial_co_window_serial,
          co_window_paths_b, co_window_paths_a, co_window_cross_1,
          co_window_paths_a, co_window_paths_a, co_window_paths_a,
          co_window_corner_cb, co_window_broadway_a, co_window_broadway_a,
          co_window_unsneaky_path_a, co_window_4corner_a, glass_columns_b,
          glass_columns_a, serial_shops, shop, shop, shop, uniq_prince_ribbit1
Temple:   compressed_dpeg_triangle_lava_temple

Skill      XL: |  1  2  3  4  5  6  7  8  9 |
---------------+----------------------------+-----
Stealth        | 4 |  4.0
Unarmed Combat | 3 4 7 8 9 |  9.7
Shields        | 4 5 |  5.7
Dodging        | 3 4 |  4.5
Fighting       | |  1.0
Short Blades   | |  1.0
Evocations     | |  3.2

Action                   |  1- 3 |  4- 6 |  7- 9 || total
-------------------------+-------+-------+-------++-------
Melee: Short sword       |     9 |    64 |    27 ||   100
       Tentacles         |     5 |    16 |    56 ||    77
       Constrict         |     3 |    20 |    55 ||    78
       Punch             |       |     5 |    17 ||    22
       Unarmed           |       |       |   102 ||   102
       Dagger            |       |       |    74 ||    74
Evoke: Wand              |     5 |    19 |     4 ||    28
  Use: Potion            |       |     2 |     1 ||     3
       Scroll            |       |       |     4 ||     4
 Stab: Paralysed         |     4 |       |       ||     4
       Sleeping          |       |     6 |    21 ||    27
       Confused          |       |     2 |       ||     2
  Eat: Chunk             |       |       |     7 ||     7
Armor: Skin              |     1 |     5 |     6 ||    12
Dodge: Dodged            |     3 |    51 |    81 ||   135
Block: Kite shield       |       |       |    43 ||    43

Table legend:
 A = Non-vault XP
 B = Vault XP
 C = Vault XP percentage of total XP
 D = Non-vault monster count
 E = Vault monster count
 F = Vault count percentage of total count
                 A         B        C        D         E       F
            +---------+---------+-------+---------+---------+-------
      Total |    1776 |    1694 |  48.8 |     114 |      25 |  18.0
            +---------+---------+-------+---------+---------+-------
        D:1 |      27 |       0 |   0.0 |      14 |       0 |   0.0
        D:2 |     195 |       0 |   0.0 |      31 |       0 |   0.0
        D:3 |     230 |      37 |  13.9 |      30 |       1 |   3.2
        D:4 |     295 |     926 |  75.8 |      14 |       7 |  33.3
        D:5 |      84 |     395 |  82.5 |       2 |      12 |  85.7
        D:6 |     262 |      72 |  21.6 |       7 |       4 |  36.4
        D:7 |     683 |     264 |  27.9 |      16 |       1 |   5.9
            +---------+---------+-------+---------+---------+-------
